 Dungeon Crawl Stone Soup version 0.27-a0-1188-g73eefd5def (webtiles) character file.

Game seed: 165363600374382286

639 karrick the Sneak (level 7, 20/56 HPs)
             Began as a Green Draconian Enchanter on May 20, 2021.
             Quit the game on level 3 of the Dungeon.
             The game lasted 00:14:53 (4327 turns).

karrick the Sneak (Green Draconian Enchanter)       Turns: 4327, Time: 00:14:53

Health: 20/56      AC:  6    Str: 11    XL:     7   Next: 25%
Magic:  8/11       EV: 13    Int: 15    God:
Gold:   147        SH:  0    Dex: 13    Spells: 6/12 levels left

rFire    . . .     SeeInvis .   a - +1 dagger
rCold    . . .     Faith    .   (no shield)
rNeg     . . .     Spirit   .   (armour unavailable)
rPois    +         Reflect  .   (helmet restricted)
rElec    .         Harm     .   (no cloak)
rCorr    .         Rampage  .   (no gloves)
Will     .....                  (no boots)
Stlth    +++.......             m - amulet of regeneration
HPRegen  1.18/turn              (no ring)
MPRegen  0.12/turn              (no ring)

@: no status effects
A: breathe noxious fumes, AC +6, unfitting armour, poison resistance,
cold-blooded
a: Breathe Noxious Fumes


You were on level 3 of the Dungeon.
You visited 1 branch of the dungeon, and saw 6 of its levels.

You collected 147 gold pieces.

Inventory:

Hand Weapons
 a - a +1 dagger (weapon)
 e - a +0 flail of protection
Jewellery
 h - a ring of fire
 m - an amulet of regeneration (around neck)
Wands
 l - a wand of mindburst (6)
Scrolls
 b - a scroll of immolation
 d - 2 scrolls of magic mapping
 j - a scroll of enchant armour {unknown}
Potions
 c - 2 potions of attraction
 f - a potion of haste {unknown}
 g - a potion of degeneration {unknown}
 i - a potion of curing
 n - 2 potions of resistance {unknown}


   Skills:
 + Level 2.5 Fighting
 + Level 3.7 Short Blades
 + Level 3.6 Dodging
 + Level 4.3 Stealth
 + Level 3.0 Spellcasting
 + Level 3.7 Hexes
 + Level 0.3 Evocations


You had 6 spell levels left.
You knew the following spells:

 Your Spells              Type           Power      Damage    Failure   Level
a - Corona                Hex            14%        N/A       4%          1
b - Ensorcelled Hibernat  Hex/Ice        14%        N/A       14%         2
c - Confusing Touch       Hex            13%        N/A       13%         3

Your spell library contained the following spells:

 Spells                   Type           Power      Damage    Failure   Level
 Tukima's Dance           Hex            13%        N/A       13%         3
 Dazzling Flash           Conj/Hex       14%        N/A       28%         3


Dungeon Overview and Level Annotations

Branches:
Dungeon (6/15)             Temple (0/1) D:4

Altars:
Wu Jian

Annotations:
D:5 Blork the orc, Menkaure, Prince Ribbit


Innate Abilities, Weirdness & Mutations

You can breathe blasts of noxious fumes.
Your lurid green scales are hard. (AC +6)
You cannot fit into any form of body armour.
Your system is resistant to poisons. (rPois)
You are cold-blooded and may be slowed by cold attacks.


Message History

The endoplasm hits you. Grinder gestures at you.
You resist with significant effort.
Grinder rolls her eyes.
Grinder says, "Wait up."
Grinder blinks!
The endoplasm hits you but does no damage.
The endoplasm jiggles.
The endoplasm misses you. Grinder gestures at you.
You suddenly lose the ability to move!
The endoplasm hits you. Grinder gestures at you. Pain shoots through your body!
The endoplasm freezes you.
You are frozen.
You feel as though you will be slow longer.
The endoplasm hits you but does no damage.
Grinder gestures at you. You resist with significant effort.
The endoplasm hits you but does no damage.
Grinder hits you.
The endoplasm hits you but does no damage.
You can move again.
Unknown command.
You barely miss Grinder.
Grinder is almost dead.
You feel yourself speed up. Grinder closely misses you.
The endoplasm barely misses you.
Unknown command.
You hit Grinder.
You kill Grinder!
The endoplasm barely misses you.
Your Spellcasting skill increases to level 3!
You have reached level 7!
Your scales start taking on a lurid green colour.
You learn Poison Magic much quicker.
You can breathe blasts of noxious fumes.
You feel resistant to poisons.
Unknown command.
Are you sure you want to abandon this character and quit the game? (Confirm with "yes".)

#.#.# #.# #.#.#######..
#.#.###.# #.#.S........
#.$..##.# #.#.#######.#
#..#....# #.#.# #.#
#....#..# #.#.## #)#
#.####..####....# #.#
#)####..........######.#
#.......J.<...........<.
######.@.#############.#
#...# #.# ##### #.. ###


You could see an endoplasm.

Vanquished Creatures
  Grinder (D:3)
  Sigmund (D:2)
  Edmund (D:5)
  A jelly (D:4)
  A hound skeleton (D:5)
  4 adders
  5 dart slugs
  9 orcs
  3 bats
  5 endoplasms
  4 giant cockroaches
  8 goblins
  3 hobgoblins
  7 kobolds
  A quokka (D:1)
  3 ball pythons
  2 frilled lizards
  4 rats
63 creatures vanquished.

Vanquished Creatures (collateral kills)
  A hound (D:5)
1 creature vanquished.

Grand Total: 64 creatures vanquished

Notes
Turn   | Place    | Note
-------+----------+-------------------------------------------
     0 | D:1      | karrick the Draconian Enchanter began the quest for the
                  | Orb.
     0 | D:1      | Reached XP level 1. HP: 14/14 MP: 3/3
   255 | D:1      | Reached XP level 2. HP: 20/20 MP: 5/5
   279 | D:1      | Reached skill level 3 in Stealth
  1118 | D:2      | Found a faded altar of an unknown god.
  1364 | D:2      | Reached XP level 3. HP: 23/26 MP: 6/6
  1671 | D:2      | Noticed Sigmund
  2445 | D:3      | Noticed Grinder
  2473 | D:3      | Paralysed by Grinder for 5 turns
  2627 | D:4      | Noticed a phantom
  2761 | D:3      | Learned a level 2 spell: Ensorcelled Hibernation
  2765 | D:3      | Learned a level 3 spell: Confusing Touch
  2801 | D:3      | Found an ornate altar of the Wu Jian Council.
  2822 | D:3      | Reached XP level 4. HP: 34/34 MP: 7/7
  2888 | D:4      | Found a staircase to the Ecumenical Temple.
  2895 | D:4      | Noticed a two-headed ogre
  2921 | D:5      | Entered Level 5 of the Dungeon
  2921 | D:5      | Noticed Blork the orc
  2923 | D:5      | Noticed Edmund
  3151 | D:5      | Noticed an ogre
  3182 | D:6      | Noticed an ice beast
  3191 | D:6      | Noticed a sky beast
  3193 | D:5      | Noticed Prince Ribbit
  3193 | D:5      | Noticed Menkaure
  3263 | D:5      | Killed Edmund
  3264 | D:5      | Reached skill level 1 in Fighting
  3264 | D:5      | Reached XP level 5. HP: 31/41 MP: 6/8
  3603 | D:5      | Identified the +3 trident of Charity {vorpal, +Rage rN+
                  | Int+3}
  3798 | D:4      | Reached XP level 6. HP: 20/48 MP: 7/9
  4186 | D:2      | Killed Sigmund
  4187 | D:2      | Reached skill level 4 in Stealth
  4311 | D:3      | Paralysed by Grinder for 4 turns
  4320 | D:3      | Paralysed by Grinder for 5 turns
  4326 | D:3      | Killed Grinder
  4327 | D:3      | Your scales start taking on a lurid green colour.
  4327 | D:3      | Reached XP level 7. HP: 20/56 MP: 8/11
  4327 | D:3      | Gained mutation: Your system is resistant to poisons.
                  | (rPois) [Green Draconian growth]
  4327 | D:3      | Quit the game

Illustrated notes

Levels and vault maps discovered:
D:1:      psy_arrival_whirlpool, layout_loops_ring,
          minmay_misc_feat_secret_circle, minmay_misc_feat_pillars,
          minmay_small_reverse_x
D:2:      layout_loops_corners, chequers_ecumenical_altar_island, uniq_sigmund
D:3:      layout_loops_ring, overflow_temple_1_default, uniq_grinder
D:4:      layout_loops_corners, temple_fountains, serial_shops, shop,
          bh_walls_and_bars
D:5:      layout_loops_cross, minmay_ogre_servants, uniq_blork_the_orc,
          uniq_prince_ribbit1, uniq_menkaure, uniq_edmund
D:6:      layout_rooms, kennysheep_generic_room_15, uniq_maggie,
          uniq_crazy_yiuf_cottage, uniq_pikel, uniq_duvessa

Skill      XL: |  1  2  3  4  5  6 |
---------------+-------------------+-----
Hexes          | 3 |  3.7
Stealth        | 3 4 |  4.3
Dodging        | 2 3 |  3.6
Short Blades   | 2 3 |  3.7
Fighting       | 1 2 |  2.5
Spellcasting   | 3 |  3.0
Evocations     | |  0.3

Action                   |  1- 3 |  4- 6 |  7- 9 || total
-------------------------+-------+-------+-------++-------
Melee: Dagger            |   169 |   144 |       ||   313
       Tailslap          |    18 |    18 |       ||    36
 Cast: Corona            |       |    14 |       ||    14
       Confusing Touch   |       |     4 |       ||     4
Evoke: Wand              |       |     5 |       ||     5
  Use: Scroll            |     3 |     8 |       ||    11
       Potion            |       |     6 |       ||     6
 Stab: Sleeping          |     9 |     1 |       ||    10
       Confused          |       |     4 |       ||     4
Armor: Skin              |    50 |    39 |       ||    89
Dodge: Dodged            |    98 |   120 |       ||   218

Table legend: (Time is in decaauts)
 A = Elapsed time spent in this place.
 B = Non-inter-level travel time spent in this place.
 C = Inter-level travel time spent in this place.
 D = Time resting spent in this place.
 E = Time spent auto-exploring this place.
 F = Levels seen in this place.
 G = Mean time per level.
                   A        B        C        D        E       F      G
               +--------+--------+--------+--------+--------+-----+--------+
         Total |   4315 |   4108 |    207 |    522 |   2459 |   6 |  719.2 |
       Dungeon |   4315 |   4108 |    207 |    522 |   2459 |   6 |  719.2 |
               +--------+--------+--------+--------+--------+-----+--------+

Top non-repeatable levels by time:
     D:1: 1434 daAuts
     D:2: 1006 daAuts
     D:3: 817 daAuts
     D:5: 732 daAuts
     D:4: 285 daAuts
     D:6: 39 daAuts
